 Dungeon Crawl Stone Soup version 0.16-a0-3643-g096a701 (webtiles) character file.

978 DayBay the Ducker (level 7, -4/72 HPs)
             Began as a Troll Monk on Jan 16, 2015.
             Was a Believer of Nemelex Xobeh.
             Slain by Duvessa
             ... wielding a +2 short sword of freezing
              (13 damage)
             ... on level 5 of the Dungeon.
             The game lasted 00:12:51 (4744 turns).

DayBay the Ducker (Troll Monk)                      Turns: 4744, Time: 00:12:52

Health: -4/72      AC:  6    Str: 26    XL:     7   Next: 95%
Magic:  3/3        EV: 12    Int:  7    God:    Nemelex Xobeh [**....]
Gold:   234        SH:  0    Dex: 12    Spells: 0 memorised, 6 levels left

rFire  . . .     SeeInvis .       - Unarmed
rCold  . . .     Clarity  .     a - +0 robe
rNeg   . . .     SustAb   .     (shield restricted)
rPois  x         Gourm    +     (helmet restricted)
rElec  .         Spirit   .     q - -2 cloak (curse)
rCorr  .         Warding  .     (gloves unavailable)
rMut   .         Stasis   .     (boots unavailable)
MR     .....                    (no amulet)
Stlth  +.........               (no ring)
                                (no ring)

@: mighty, stone skin, poison vulnerable, not resistant to hostile enchantments,
very unstealthy
A: unfitting armour, claws 3, fast metabolism 3, gourmand, regeneration 2,
shaggy fur 1, tough skin 2
a: Renounce Religion


You were on level 5 of the Dungeon.
You worshipped Nemelex Xobeh.
Nemelex Xobeh was pleased with you.
You were completely stuffed.

You visited 1 branch of the dungeon, and saw 5 of its levels.

You collected 234 gold pieces.

Inventory:

Armour
 a - a +0 robe (worn)
 q - a cursed -2 cloak (worn)
Magical devices
 r - a wand of magic darts (22)
 u - a wand of enslavement (8)
 w - a wand of flame (19)
 A - a wand of cold (9)
Scrolls
 e - 3 scrolls of fear {unknown}
 f - 3 scrolls of teleportation {unknown}
 h - 5 scrolls of identify {unknown}
 s - 2 scrolls of fog {unknown}
 v - 3 scrolls of remove curse
 x - a scroll of noise {unknown}
 y - a scroll of enchant armour {unknown}
Potions
 c - a potion of berserk rage {unknown}
 d - a potion of curing {unknown}
 g - a potion of haste {unknown}
 i - 2 potions of might
 j - a potion of ambrosia {unknown}
 n - a potion of agility
 o - 2 potions of resistance {unknown}
 t - 3 potions of mutation {unknown}
 B - a potion of heal wounds {unknown}
 D - a potion of lignification {unknown}
Miscellaneous
 l - a plain deck of escape
 m - a plain deck of war {drawn: 3}
 C - an ornate deck of destruction {drawn: 2}
Comestibles
 b - 2 meat rations
 k - 2 bread rations
 p - 2 slices of pizza
 z - 2 chunks of flesh


   Skills:
 + Level 5.1 Fighting
 + Level 6.6 Dodging
 - Level 1.1 Stealth
 - Level 4.0 Unarmed Combat


You had 6 spell levels left.
You didn't know any spells.

Dungeon Overview and Level Annotations

Branches:
Dungeon (5/15)
 Temple: D:4-7

Altars:
Fedhas
Gozag
Makhleb
Nemelex Xobeh
Trog
Vehumet
Yredelemnul
The Shining One

Annotations:
D:5 Blork the orc, Duvessa


Innate Abilities, Weirdness & Mutations

You are too large for most types of armour.
You have claws for hands.
Your metabolism is lightning-fast.
You like to eat raw meat.
You heal very quickly.
You are covered in fur (AC +1).
You have very tough skin (AC +2).


Message History

Okay, then.
Drink which item? (? for menu, Esc to quit)
It was a potion of might.
You feel very mighty all of a sudden. Duvessa closely misses you.
The orc hits you but does no damage. The orc hits you but does no damage.
You scratch Duvessa.
Duvessa begins to bleed from her wounds!
Duvessa is heavily wounded.
Duvessa barely misses you.
You claw Duvessa!
Duvessa is almost dead.
Duvessa hits you with a short sword of freezing.
* * * LOW HITPOINT WARNING * * *
Duvessa freezes you.
* * * LOW HITPOINT WARNING * * *
The orc completely misses you. The orc misses you.
Duvessa hits you with a short sword of freezing!
You die...
Your body glows slightly and disappears.

..# #.# #.# #.# #§#
#§# #(# #§###.#####
#§§e@.§§§§#
...§§§§oo.§##§#
..######§###.# .
#####.## #. ##...##
##.####.###.###.#####
........# #..........
#####....###.########.
...[.........##


You could see Duvessa (berserk) and 2 orcs.

Vanquished Creatures
  The ghost of Protee the Insei, an average OpTm (D:4)
  Edmund (D:4)
  A centaur (D:5)
  A centaur skeleton (D:4)
  An orc priest (D:3)
  Dowan (D:5)
  Crazy Yiuf (D:2)
  3 worker ants (D:4)
  3 iguanas (D:4)
  3 orc wizards
  A worker ant zombie (D:5)
  Terence (D:2)
  A gnoll (D:2)
  9 adders
  A giant mite (D:3)
  2 worms (D:3)
  14 orcs
  6 giant cockroaches
  5 hobgoblins
  7 kobolds
  2 quokkas
  12 bats
  4 giant geckos
  4 giant newts
  7 goblins
  11 jackals
  13 rats
116 creatures vanquished.

Notes
Turn   | Place    | Note
--------------------------------------------------------------
     0 | D:1      | DayBay, the Troll Monk, began the quest for the Orb.
     0 | D:1      | Reached XP level 1. HP: 22/22 MP: 1/1
   233 | D:1      | Reached XP level 2. HP: 29/29 MP: 1/1
   741 | D:1      | You fall through a shaft!
   795 | D:2      | Reached XP level 3. HP: 29/36 MP: 2/2
  1209 | D:3      | Reached XP level 4. HP: 41/45 MP: 2/2
  1215 | D:3      | Found a bloodstained altar of Trog.
  1235 | D:3      | Found a blossoming altar of Fedhas.
  1236 | D:3      | Found a basalt altar of Yredelemnul.
  1236 | D:3      | Found a burning altar of Makhleb.
  1243 | D:3      | Found an opulent altar of Gozag.
  1314 | D:3      | Found a sparkling altar of Nemelex Xobeh.
  1318 | D:3      | Became a worshipper of Nemelex Xobeh the Trickster
  1318 | D:3      | Received a gift from Nemelex Xobeh
  1318 | D:3      | Received a gift from Nemelex Xobeh
  1418 | D:2      | Noticed Terence
  1436 | D:2      | Killed Terence
  1698 | D:2      | Noticed Crazy Yiuf
  1710 | D:2      | Killed Crazy Yiuf
  1710 | D:2      | Reached XP level 5. HP: 27/53 MP: 2/2
  2103 | D:3      | Found a glowing golden altar of the Shining One.
  2291 | D:3      | Reached XP level 6. HP: 33/62 MP: 3/3
  2677 | D:3      | Found a radiant altar of Vehumet.
  2917 | D:4      | Noticed Protee's ghost (average OpTm)
  2955 | D:4      | Killed Protee's ghost
  2955 | D:4      | Reached skill level 5 in Dodging
  3136 | D:4      | Reached XP level 7. HP: 66/70 MP: 3/3
  3138 | D:4      | Noticed Edmund
  3157 | D:4      | Killed Edmund
  3261 | D:4      | Reached skill level 6 in Dodging
  4152 | D:4      | Received a gift from Nemelex Xobeh
  4595 | D:5      | Entered Level 5 of the Dungeon
  4595 | D:5      | Noticed Blork the orc
  4717 | D:5      | Reached skill level 5 in Fighting
  4731 | D:5      | Noticed Dowan
  4734 | D:5      | Noticed Duvessa
  4737 | D:5      | Killed Dowan
  4744 | D:5      | Slain by Duvessa

Action                   |  1- 3 |  4- 6 |  7- 9 || total
-------------------------+-------+-------+-------++-------
Melee: Unarmed           |    89 |   185 |   130 ||   404
Evoke: Deck              |       |     2 |     3 ||     5
  Use: Scroll            |     1 |       |       ||     1
       Potion            |       |       |     1 ||     1
 Stab: Sleeping          |       |     1 |       ||     1
  Eat: Chunk             |    13 |    20 |    16 ||    49
